 Dungeon Crawl Stone Soup version 0.25-a0-860-gf695395b5c (webtiles) character file.

Game seed: 2892484201862438581, levelgen mode: deterministic

131 Gumption the Chucker (level 5, -1/41 HPs)
             Began as a Human Hunter on Apr 29, 2020.
             Slain by an orc wizard
             ... wielding a +0 dagger of venom
              (3 damage)
             ... on level 3 of the Dungeon.
             The game lasted 00:21:42 (2783 turns).

Gumption the Chucker (Human Hunter)                 Turns: 2783, Time: 00:21:42

Health: -1/41      AC:  3    Str: 13    XL:     5   Next: 37%
Magic:  5/5        EV: 13    Int: 11    God:
Gold:   112        SH:  0    Dex: 14    Spells: 4/4 levels left

rFire    . . .     SeeInvis .   a - +1 short sword
rCold    . . .     Gourm    .   (no shield)
rNeg     . . .     Faith    .   b - +0 leather armour
rPois    .         Spirit   .   (no helmet)
rElec    .         Reflect  .   (no cloak)
rCorr    .         Harm     .   (no gloves)
MR       .....                  (no boots)
Stlth    +.........             (no amulet)
HPRegen  0.13/turn              (no ring)
MPRegen  0.09/turn              (no ring)

@: lethally poisoned (-1 -> -31)
A: no striking features
a: no special abilities


You were on level 3 of the Dungeon.
You were not hungry.

You visited 1 branch of the dungeon, and saw 3 of its levels.

You collected 112 gold pieces.

Inventory:

Hand Weapons
 a - a +1 short sword (weapon)
 o - a +0 rapier
Missiles
 d - a throwing net (quivered)
 j - 20 stones
 s - 22 sling bullets
Armour
 b - a +0 leather armour (worn)
Potions
 f - a potion of flight
 g - 2 potions of stabbing
 h - 3 potions of invisibility
 l - a potion of haste
 q - a potion of lignification
Comestibles
 e - 2 rations


   Skills:
 + Level 3.1 Fighting
 * Level 5.2 Throwing
 + Level 3.0 Dodging
 - Level 1.0 Stealth


You had 4 spell levels left.
You didn't know any spells.
Your spell library was empty.

Dungeon Overview and Level Annotations

Branches:
Dungeon (3/15)

Altars:
Qazlal
The Shining One


Message History

You feel sick. Something hits you but does no damage.
You are more poisoned.
You hit something.
* * * LOW HITPOINT WARNING * * *
You feel very sick. Something hits you.
* * * LOW HITPOINT WARNING * * *
You are more poisoned.
Unknown command.
* * * LOW HITPOINT WARNING * * *
You feel very sick.
* * * LOW HITPOINT WARNING * * *
You feel very sick.
* * * LOW HITPOINT WARNING * * *
You feel very sick.
You barely miss something.
* * * LOW HITPOINT WARNING * * *
You feel very sick. Something hits you.
You die...

..............#############
.......$...........†......#
..............############# #
....#..###....(.<........#
######.....?....#############
.................#### .#
###............>.# .#
#..........{...#
######)..>......@#...#
......÷.................
##############.........# #
###........ # #....[...
###...... ....#. ....#


There were no monsters in sight!

Vanquished Creatures
  An orc wizard (D:3)
  3 adders (D:2)
  2 oozes (D:2)
  A dart slug (D:2)
  A worm (D:2)
  2 leopard geckos
  An orc (D:3)
  7 bats
  A giant cockroach (D:3)
  8 goblins
  5 hobgoblins
  4 jackals (D:2)
  2 quokkas (D:2)
  8 frilled lizards
  10 kobolds
  9 rats
65 creatures vanquished.

Notes
Turn   | Place    | Note
-------+----------+-------------------------------------------
     0 | D:1      | Gumption the Human Hunter began the quest for the Orb.
     0 | D:1      | Reached XP level 1. HP: 16/16 MP: 1/1
   407 | D:1      | Reached XP level 2. HP: 18/22 MP: 2/2
   893 | D:1      | Reached XP level 3. HP: 25/28 MP: 3/3
  1577 | D:2      | Reached XP level 4. HP: 24/34 MP: 4/4
  1866 | D:2      | Found a stormy altar of Qazlal.
  2088 | D:2      | Reached skill level 5 in Throwing
  2258 | D:2      | Found a glowing golden altar of the Shining One.
  2509 | D:3      | Reached XP level 5. HP: 21/41 MP: 5/5
  2783 | D:3      | HP: 2/41 [poisoned by an orc wizard]
  2783 | D:3      | Slain by an orc wizard

Levels and vault maps discovered:
D:1:      dpeg_arrival_stonehenge_8_columns, layout_loops_ring,
          kennysheep_small_spiral, minmay_split_cup_small
D:2:      layout_rooms, lemuel_crystal_altar, lemuel_crystal_altar,
          minmay_tromino_i4
D:3:      layout_rooms, marbit_many_paths, grunt_dithmenos_smoke_and_mirrors,
          portal_sewer_entry_f, minmay_stone_trees_medium, uniq_robin

Skill      XL: |  1  2  3  4 |
---------------+-------------+-----
Throwing       | 5 |  5.2
Fighting       | 3 |  3.1
Dodging        | 3 |  3.0
Stealth        | |  1.0

Action                   |  1- 3 |  4- 6 || total
-------------------------+-------+-------++-------
Melee: Short sword       |   123 |    95 ||   218
Throw: Stone             |    25 |    30 ||    55
       Javelin           |     2 |     6 ||     8
       Throwing net      |       |     1 ||     1
  Use: Scroll            |     4 |     8 ||    12
       Potion            |       |     2 ||     2
 Stab: Sleeping          |     4 |       ||     4
  Eat: Chunk             |     2 |     4 ||     6
Armor: Leather armour    |    25 |    27 ||    52
Dodge: Dodged            |    97 |    92 ||   189

Table legend:
 A = Non-vault XP
 B = Vault XP
 C = Vault XP percentage of total XP
 D = Non-vault monster count
 E = Vault monster count
 F = Vault count percentage of total count
                 A         B        C        D         E       F
            +---------+---------+-------+---------+---------+-------
      Total |     176 |      12 |   6.4 |      59 |       6 |   9.2
            +---------+---------+-------+---------+---------+-------
        D:1 |      32 |       5 |  13.5 |      21 |       3 |  12.5
        D:2 |      98 |       7 |   6.7 |      31 |       3 |   8.8
        D:3 |      46 |       0 |   0.0 |       7 |       0 |   0.0
            +---------+---------+-------+---------+---------+-------
